 Dungeon Crawl Stone Soup version 0.29.1-14-g9c671dbff4 (webtiles) character file.

Game seed: 11834719922898802077

3990 cdecastro the Severer (level 10, -2/93 HPs)
             Began as a Hill Orc Fighter on Feb 16, 2023.
             Was a Priest of Beogh.
             Slain by a tengu warrior
             ... wielding a +2 great mace of holy wrath
              (6 damage)
             ... on level 8 of the Dungeon on Feb 21, 2023.
             The game lasted 00:16:37 (8490 turns).

cdecastro the Severer (Hill Orc Fighter)            Turns: 8490, Time: 00:16:40

Health: -2/93      AC: 14    Str: 24    XL:     10   Next: 22%
Magic:  13/13      EV:  8    Int:  8    God:    Beogh [***...]
Gold:   451        SH:  5    Dex: 10    Spells: 9/9 levels left

rFire   + . .      SeeInvis .   a - +1 battleaxe (freeze)
rCold   . . .      Faith    .   (shield currently unavailable)
rNeg    . . .      Spirit   .   G - +3 chain mail {rPois}
rPois   +          Reflect  +   p - +0 helmet
rElec   .          Harm     .   (no cloak)
rCorr   .          Rampage  .   d - +0 pair of gloves
Will    +....                   (no boots)
Stlth   ..........              g - amulet of reflection
HPRegen 0.25/turn               B - ring of willpower
MPRegen 0.13/turn               I - ring of protection from fire

@: mighty
A: no striking features
a: Renounce Religion, Smiting


You were on level 8 of the Dungeon.
You worshipped Beogh.
Beogh was most pleased with you.
You visited 1 branch of the dungeon, and saw 8 of its levels.
You also visited: Sewer.

You collected 451 gold pieces.

Inventory:

Hand Weapons
 a - a +1 battleaxe of freezing (weapon)
 b - a +2 trident of venom
 L - a +0 war axe
 M - a +2 morningstar
Missiles
 o - 18 poisoned darts (quivered)
 C - 8 boomerangs
Armour
 c - a +0 buckler
 d - a +0 pair of gloves (worn)
 p - a +0 helmet (worn)
 G - a +3 chain mail of poison resistance (worn)
Magical Staves
 A - a staff of earth
 K - a staff of death
Jewellery
 g - an amulet of reflection (around neck)
 j - a ring of flight
 l - a ring of poison resistance
 B - a ring of willpower (left hand)
 I - a ring of protection from fire (right hand)
Wands
 w - a wand of charming (14)
 J - a wand of light (6)
 P - a wand of iceblast (5)
Scrolls
 f - a scroll of enchant armour {unknown}
 h - 3 scrolls of poison {unknown}
 i - 4 scrolls of identify {unknown}
 n - 3 scrolls of noise {unknown}
 q - 3 scrolls of vulnerability {unknown}
 s - a scroll of amnesia {unknown}
 t - 3 scrolls of teleportation
 u - 3 scrolls of fog {unknown}
 v - 2 scrolls of magic mapping {unknown}
 y - 2 scrolls of blinking {unknown}
 E - a scroll of acquirement {unknown}
 F - a scroll of torment {unknown}
 O - a scroll of fear {unknown}
Potions
 e - a potion of invisibility {unknown}
 k - 5 potions of curing {unknown}
 m - a potion of heal wounds {unknown}
 r - 7 potions of flight
 x - 2 potions of cancellation {unknown}
 z - a potion of haste
 D - a potion of brilliance {unknown}
 H - 2 potions of mutation {unknown}
 N - a potion of might


   Skills:
 - Level 10.0 Fighting
 + Level 15.0 Axes
 - Level 3.2 Armour
 - Level 3.2 Shields
 - Level 5.0 Invocations


You had 9 spell levels left.
You didn't know any spells.
Your spell library contained the following spells:

 Spells                   Type           Power      Damage    Failure   Level
 Beastly Appendage        Tmut           0%         N/A       97%         1
 Static Discharge         Conj/Air       0%         3-3/arc   99%         2
 Wereblood                Tmut           0%         N/A       99%         2
 Gell's Gravitas          Tloc           0%         N/A       100%        3
 Lesser Beckoning         Tloc           0%         N/A       100%        3
 Spider Form              Tmut/Pois      0%         N/A       100%        3
 Teleport Other           Tloc           0%         N/A       100%        3
 Corpse Rot               Necr/Pois/Air  0%         N/A       100%        4
 Dispel Undead            Necr           0%         3d6       100%        4
 Sticky Flame             Conj/Fire      0%         2d3       100%        4
 Death Channel            Necr           0%         N/A       100%        6


Dungeon Overview and Level Annotations

Branches:
Dungeon (8/15)             Temple (0/1) D:7           Sewer (visited)
   Lair: D:8-11

Altars:
Dithmenos
Nemelex Xobeh
Okawaru
Ru
Yredelemnul

Shops:
D:4 :

Annotations:
D:3 vault need dig
D:4 1 runed translucent door, Crazy Yiuf
D:8 4 runed translucent doors


Message History

Unknown command.
You slash the tengu warrior! You freeze the tengu warrior.
The tengu warrior is lightly wounded.
The tengu warrior hits you with a +2 great mace of holy wrath!
* * * LOW HITPOINT WARNING * * *
The tengu warrior pecks you but does no damage.
The tengu warrior claws you.
* * * LOW HITPOINT WARNING * * *
You slash the tengu warrior! You freeze the tengu warrior.
The tengu warrior is heavily wounded.
The tengu warrior hits you with a +2 great mace of holy wrath!
* * * LOW HITPOINT WARNING * * *
The tengu warrior pecks you but does no damage.
The tengu warrior claws you but does no damage.
You closely miss the tengu warrior.
The tengu warrior is heavily wounded.
The tengu warrior hits you with a +2 great mace of holy wrath!
* * * LOW HITPOINT WARNING * * *
The tengu warrior completely misses you.
The tengu warrior claws you but does no damage.
Unknown command.
You miss the tengu warrior.
The tengu warrior is heavily wounded.
The tengu warrior hits you with a +2 great mace of holy wrath.
* * * LOW HITPOINT WARNING * * *
The tengu warrior pecks you but does no damage.
The tengu warrior claws you but does no damage.
You barely miss the tengu warrior.
The tengu warrior is heavily wounded.
The tengu warrior hits you with a +2 great mace of holy wrath!
* * * LOW HITPOINT WARNING * * *
The tengu warrior pecks you but does no damage.
The tengu warrior claws you but does no damage.
You hit the tengu warrior. You freeze the tengu warrior.
The tengu warrior is heavily wounded.
The tengu warrior completely misses you.
The tengu warrior pecks you.
* * * LOW HITPOINT WARNING * * *
The tengu warrior claws you.
You die...

#.# #.# #.# . #.# #.#
#.###.... ##........
##...###### ######
....## #.o..## ....#
#$##@#.# ########
....# #Q.#.# #
#....... ....#
.n###.# .# #.######
....# #[##.#)# ..
#.#####. ....##
###.#.##.# #.##<...
.....###+# #'###..#
#.#.....
.........######.....#
#.#.###)
###.....##8)!8##.####
###...###.
####..#8....8#.#####
#...#.....


You could see a tengu warrior (ally target), a necrophage and a friendly orc.

Vanquished Creatures
  A two-headed ogre (D:8)
  Grinder (D:3)
  A wyvern (D:8)
  Duvessa (D:5)
  A sky beast (D:7)
  An ice beast (D:6)
  2 centaurs
  5 phantoms
  Blork the orc (D:4)
  5 bullfrogs
  3 scorpions
  16 wights
  Dowan (D:5)
  A howler monkey (D:4)
  2 jellies
  2 orc priests
  A gnoll bouda (D:4)
  A hound (D:6)
  Ijyb (D:3)
  4 iguanas
  A merfolk avatar (Sewer)
  A merfolk siren (Sewer)
  2 orc wizards
  Robin (D:2)
  8 gnolls
  13 adders
  3 river rats (Sewer)
  A white imp (D:7)
  A worm (D:3)
  A dart slug (D:4)
  18 orcs
  3 bats
  7 endoplasms
  5 giant cockroaches
  14 goblins
  7 hobgoblins
  3 jackals (D:4)
  9 quokkas
  13 ball pythons
  7 frilled lizards
  10 kobolds
  31 rats
210 creatures vanquished.

Notes
Turn   | Place    | Note
-------+----------+-------------------------------------------
     0 | D:1      | cdecastro the Hill Orc Fighter began the quest for the Orb.
     0 | D:1      | Reached XP level 1. HP: 19/19 MP: 1/1
   149 | D:1      | Reached skill level 3 in Axes
   179 | D:1      | Reached XP level 2. HP: 20/26 MP: 2/2
   384 | D:1      | Reached skill level 4 in Axes
   616 | D:1      | Reached XP level 3. HP: 31/31 MP: 3/3
  1118 | D:2      | Noticed Robin
  1150 | D:2      | Reached skill level 5 in Axes
  1236 | D:2      | Killed Robin
  1424 | D:2      | Reached XP level 4. HP: 33/39 MP: 4/4
  1515 | D:2      | Noticed a scorpion
  1552 | D:2      | Reached skill level 6 in Axes
  1712 | D:3      | Found a glowing drain.
  1726 | D:3      | Noticed Grinder
  1734 | D:3      | Paralysed by Grinder for 4 turns
  1749 | D:3      | Killed Grinder
  1750 | D:3      | Reached skill level 8 in Axes
  1750 | D:3      | Reached XP level 5. HP: 24/45 MP: 5/5
  1750 | D:3      | Reached XP level 6. HP: 27/51 MP: 6/6
  1954 | Sewer    | Entered a sewer
  2200 | Sewer    | Reached skill level 9 in Axes
  2437 | Sewer    | Identified the +2 ring mail of Lethargy {Int+2}
  2647 | D:3      | Became a worshipper of Beogh the Brigand
  2965 | D:3      | Found a basalt altar of Yredelemnul.
  3136 | D:3      | Noticed Ijyb
  3138 | D:3      | Found an iron altar of Okawaru.
  3143 | D:3      | Killed Ijyb
  3144 | D:3      | Reached XP level 7. HP: 49/57 MP: 7/7
  3572 | D:4      | Found a shadowy altar of Dithmenos.
  3626 | D:4      | Noticed Blork the orc
  3686 | D:4      | Reached skill level 10 in Axes
  3782 | D:4      | Found a sparkling altar of Nemelex Xobeh.
  3822 | D:4      | Reached * piety under Beogh
  3976 | D:4      | Killed Blork the orc
  4145 | D:4      | Reached skill level 5 in Fighting
  4470 | D:4      | Found Xacy's Vocational Training.
  4817 | D:4      | Found a runed translucent door.
  4818 | D:4      | Noticed Crazy Yiuf
  5079 | D:2      | Reached XP level 8. HP: 67/71 MP: 8/8
  5345 | D:5      | Entered Level 5 of the Dungeon
  5974 | D:6      | Noticed Duvessa
  5974 | D:6      | Noticed Dowan
  5994 | D:5      | Killed Duvessa
  6002 | D:5      | Killed Dowan
  6289 | D:6      | Reached ** piety under Beogh
  6319 | D:6      | Reached skill level 10 in Fighting
  6400 | D:6      | Reached XP level 9. HP: 85/85 MP: 9/9
  6639 | D:6      | Reached skill level 11 in Axes
  7238 | D:6      | Reached skill level 12 in Axes
  7336 | D:7      | Found a staircase to the Ecumenical Temple.
  7374 | D:7      | Reached skill level 1 in Invocations
  8136 | D:8      | Found a sacrificial altar of Ru.
  8189 | D:8      | Reached skill level 13 in Axes
  8210 | D:8      | Reached skill level 5 in Invocations
  8307 | D:8      | Found a large runed translucent door.
  8309 | D:8      | Found a large runed translucent door.
  8310 | D:8      | Noticed a red ugly thing
  8310 | D:8      | Noticed a white ugly thing
  8320 | D:8      | Found a large runed translucent door.
  8320 | D:8      | Found a large runed translucent door.
  8468 | D:8      | Reached skill level 14 in Axes
  8468 | D:8      | Reached XP level 10. HP: 93/93 MP: 13/13
  8471 | D:8      | Reached *** piety under Beogh
  8475 | D:8      | Noticed a two-headed ogre
  8478 | D:8      | Killed a two-headed ogre
  8479 | D:8      | Reached skill level 15 in Axes
  8483 | D:8      | Noticed a tengu warrior
  8490 | D:8      | HP: 4/93 [tengu warrior/+2 great mace of holy wrath (5)]
  8490 | D:8      | Slain by a tengu warrior

Illustrated notes

Levels and vault maps discovered:
D:1:      dpeg_arrival_rhombus, layout_basic, grunt_decor_junction
D:2:      layout_basic, uniq_robin
D:3:      layout_loops_ring, okawaru_ov_weapons_minmay, general_overflow_altar,
          cheibrodos_sewer_entry_drain, lightli_corner_chamber, uniq_ijyb,
          uniq_grinder
D:4:      layout_basic, nicolae_dithmenos_the_darkroom,
          mainiacjoe_overflow_alcove_1, amcnicky_mini_rare_corridor_liquid,
          nicolae_shop_vocational, uniq_crazy_yiuf_cottage, uniq_blork_the_orc
D:5:      layout_rooms
D:6:      layout_basic, st_stairs_5, uniq_duvessa
D:7:      layout_loops_ring, minmay_temple_entry_statues_fountains
D:8:      layout_basic, mainiacjoe_overflow_boulevard,
          minmay_hollow_rounded_squares, uniq_erica

Skill      XL: |  1  2  3  4  5  6  7  8  9 10 |
---------------+-------------------------------+-----
Axes           | 3 4 5 8 9 10 14 15 | 15.0
Fighting       | 6 10 | 10.0
Invocations    | 5 |  5.0
Armour         | |  3.2
Shields        | |  3.2

Action                   |  1- 3 |  4- 6 |  7- 9 | 10-12 || total
-------------------------+-------+-------+-------+-------++-------
Melee: War axe           |    99 |   182 |   157 |       ||   438
       Punch             |       |     2 |     6 |       ||     8
       Trident           |       |       |   185 |       ||   185
       Battleaxe         |       |       |    33 |    12 ||    45
Invok: Convert to Beogh  |       |     1 |       |       ||     1
  Use: Potion            |       |     2 |       |     1 ||     3
Armor: Scale mail        |    52 |    67 |    76 |       ||   195
       Chain mail        |       |       |    75 |    11 ||    86
Dodge: Dodged            |    42 |    65 |   145 |     4 ||   256
Block: Other             |    15 |    44 |    78 |     2 ||   139
       Reflection        |       |       |     2 |       ||     2
